 Dungeon Crawl Stone Soup version 0.28-a0-1152-g9c71ebef14 (webtiles) character file.

Game seed: 15443712322009820187

516 cheechan the Chiller (level 7, 0/57 HPs)
             Began as a Naga Ice Elementalist on Dec 14, 2021.
             Splashed by a jelly's acid (7 damage)
             ... on level 4 of the Dungeon.
             The game lasted 00:19:50 (3975 turns).

cheechan the Chiller (Naga Ice Elementalist)        Turns: 3975, Time: 00:19:51

Health: 0/57       AC: -12   Str: 11    XL:     7   Next: 20%
Magic:  9/13       EV: 10    Int: 17    God:
Gold:   198        SH:  0    Dex: 11    Spells: 8/14 levels left

rFire   . . .      SeeInvis +   g - +0 quarterstaff
rCold   . . .      Faith    .   (shield currently unavailable)
rNeg    . . .      Spirit   .   a - +0 robe
rPois   +          Reflect  .   (no helmet)
rElec   .          Harm     .   (no cloak)
rCorr   .          Rampage  .   (no gloves)
Will    .....                   (no barding)
Stlth   ++........              (no amulet)
HPRegen 0.19/turn               (no ring)
MPRegen 0.13/turn               (no ring)

@: corroded, very slow
A: AC +2, large, see invisible, deformed body, poison resistance, slowness 2,
spit poison 1, naga tail 1
a: Spit Poison


You were on level 4 of the Dungeon.
You visited 1 branch of the dungeon, and saw 4 of its levels.

You collected 198 gold pieces.

Inventory:

Hand Weapons
 b - a +1 short sword
 g - a +0 quarterstaff (weapon)
Missiles
 c - 107 stones
 h - 23 bolts
 l - 51 arrows
Armour
 a - a +0 robe (worn)
Wands
 d - a wand of charming (4)
 n - a wand of digging (6)
Scrolls
 m - a scroll of teleportation
Potions
 e - a potion of heal wounds
 f - a potion of brilliance {unknown}
 i - 2 potions of curing {unknown}
 j - a potion of degeneration {unknown}
 k - a potion of haste {unknown}
 o - a potion of invisibility {unknown}


   Skills:
 + Level 1.2 Fighting
 + Level 0.1 Short Blades
 + Level 1.7 Staves
 + Level 2.5 Dodging
 + Level 3.7 Stealth
 + Level 4.3 Spellcasting
 + Level 0.9 Fire Magic
 + Level 5.8 Ice Magic


You had 8 spell levels left.
You knew the following spells:

 Your Spells              Type           Power      Damage    Failure   Level
a - Freeze                Ice            92%        1d10      1%          1
b - Frozen Ramparts       Ice            46%        1d6       4%          3
c - Scorch                Fire           12%        2d6       16%         2

Your spell library contained the following spells:

 Spells                   Type           Power      Damage    Failure   Level
 Ozocubu's Armour         Ice            23%        N/A       4%          3
 Hailstorm                Conj/Ice       13%        3d5       41%         4
 Flame Wave               Conj/Fire      5%         2d4       77%         4
 Summon Cactus Giant      Summ           1%         N/A       100%        6


Dungeon Overview and Level Annotations

Branches:
Dungeon (4/15)
 Temple: D:4-7

Altars:
Okawaru
Ru

Shops:
D:1 *   D:2 [   D:3 ?


Innate Abilities, Weirdness & Mutations

Your serpentine skin is tough. (AC +2)
You have supernaturally acute eyesight. (SInv)
Armour fits poorly on your strangely shaped body.
Your system is resistant to poisons. (rPois)
You cover ground very slowly.
You can spit poison.
You have a snake-like lower body.


Message History

The jelly is moderately wounded.
The jelly closely misses you.
Casting: Freeze (safe; 1% risk of failure)
Confirm with . or Enter, or press ? or * to list all spells.
Aiming: Freeze (safe; 1% risk of failure)
Press: ? - help, Shift-Dir - straight line, f - jelly
Aim: a jelly (moderately wounded)
You freeze the jelly.
The jelly is heavily wounded.
The jelly closely misses you.
Unknown command.
Casting: Freeze (safe; 1% risk of failure)
Confirm with . or Enter, or press ? or * to list all spells.
Aiming: Freeze (safe; 1% risk of failure)
Press: ? - help, Shift-Dir - straight line, f/p - jelly
Aim: a jelly (heavily wounded)
You freeze the jelly.
The jelly is heavily wounded.
The jelly hits you. The acid corrodes you!
You are splashed with acid!
Unknown command.
Casting: Freeze (safe; 1% risk of failure)
Confirm with . or Enter, or press ? or * to list all spells.
Aiming: Freeze (safe; 1% risk of failure)
Press: ? - help, Shift-Dir - straight line, f/p - jelly
Aim: a jelly (heavily wounded)
You freeze the jelly.
The jelly is severely wounded.
The jelly hits you. The acid corrodes you!
You are splashed with acid!
* * * LOW HITPOINT WARNING * * *
Casting: Freeze (safe; 1% risk of failure)
Confirm with . or Enter, or press ? or * to list all spells.
Aiming: Freeze (safe; 1% risk of failure)
Press: ? - help, Shift-Dir - straight line, f/p - jelly
Aim: a jelly (severely wounded)
You freeze the jelly.
The jelly is severely wounded.
The jelly hits you.
* * * LOW HITPOINT WARNING * * *
The acid corrodes you!
You are splashed with acid!
You die...

..# #.>##.####
..# #..##....#
..# #........#
..# #.###....#
### #.# #.#.### #
#.# #.#.#.## ##
..#..#.## .##
####.###.## ..##
#....##@# ...##
#.#.#†#J## ....#
#...#...# ....+
..........#
....####...##.#!#
...## ##.# #.#.#
..## #. #.# # .##
#. .# ##


You could see a jelly.

Vanquished Creatures
  A sky beast (D:4)
  An ogre (D:3)
  A scorpion (D:4)
  A centaur zombie (D:4)
  A bullfrog skeleton (D:4)
  2 iguanas (D:4)
  An orc wizard (D:3)
  A howler monkey skeleton (D:4)
  5 adders
  A worm (D:4)
  3 dart slugs (D:3)
  5 orcs
  3 bats
  4 endoplasms
  6 giant cockroaches
  4 hobgoblins
  6 jackals
  4 quokkas
  11 ball pythons
  5 frilled lizards
  5 goblins
  5 kobolds
  7 rats
83 creatures vanquished.

Notes
Turn   | Place    | Note
-------+----------+-------------------------------------------
     0 | D:1      | cheechan the Naga Ice Elementalist began the quest for the
                  | Orb.
     0 | D:1      | Reached XP level 1. HP: 15/15 MP: 3/3
   149 | D:1      | Found Ediwinn's Assorted Antiques.
   487 | D:1      | Reached XP level 2. HP: 20/22 MP: 3/5
   802 | D:1      | Found a faded altar of an unknown god.
  1056 | D:2      | Reached XP level 3. HP: 17/28 MP: 0/6
  1723 | D:2      | Found Vepoyqya's Armour Shop.
  1922 | D:2      | Reached XP level 4. HP: 36/36 MP: 5/7
  2187 | D:3      | Learned a level 3 spell: Frozen Ramparts
  2190 | D:3      | Learned a level 2 spell: Scorch
  2266 | D:3      | Noticed an ogre
  2271 | D:3      | HP: 1/36 [ogre (13)]
  2274 | D:3      | Killed an ogre
  2275 | D:3      | Reached skill level 5 in Ice Magic
  2275 | D:3      | Reached XP level 5. HP: 1/43 MP: 1/9
  2756 | D:3      | Found Qaimp's Magic Scroll Boutique.
  2997 | D:3      | Reached XP level 6. HP: 26/50 MP: 5/11
  3025 | D:3      | Found an iron altar of Okawaru.
  3264 | D:4      | Reached skill level 1 in Staves
  3653 | D:4      | Found a sacrificial altar of Ru.
  3688 | D:4      | Noticed a sky beast
  3700 | D:4      | Killed a sky beast
  3701 | D:4      | Reached skill level 1 in Fighting
  3701 | D:4      | Reached XP level 7. HP: 57/57 MP: 5/13
  3975 | D:4      | Splashed by a jelly's acid

Illustrated notes

Levels and vault maps discovered:
D:1:      dpeg_arrival_leaves_temple_mockup, layout_loops_cross, serial_shops,
          shop, hellmonk_ecumenical_altar_inner_sanctum,
          nicolae_concentric_dashed_squares_mild
D:2:      layout_loops_ring, serial_shops, shop, grunt_ministairs_14,
          minmay_puff
D:3:      layout_loops_cross, mainiacjoe_overflow_paths, serial_shops, shop
D:4:      layout_loops_corners, nicolae_ru_awakened_eye,
          kennysheep_generic_room_5

Skill      XL: |  1  2  3  4  5  6 |
---------------+-------------------+-----
Dodging        | 2 |  2.5
Spellcasting   | 3 4 |  4.3
Ice Magic      | 5 |  5.8
Staves         | 1 |  1.7
Fighting       | 1 |  1.2
Short Blades   | |  0.1
Stealth        | |  3.7
Fire Magic     | |  0.9

Action                   |  1- 3 |  4- 6 |  7- 9 || total
-------------------------+-------+-------+-------++-------
Melee: Short sword       |    45 |       |       ||    45
       Quarterstaff      |     6 |    45 |     3 ||    54
 Cast: Freeze            |    42 |    53 |     9 ||   104
       Frozen Ramparts   |       |     4 |       ||     4
       Scorch            |       |     4 |       ||     4
 Abil: Spit Poison       |     6 |     4 |       ||    10
  Use: Scroll            |     3 |     2 |       ||     5
 Stab: Sleeping          |     1 |     2 |     1 ||     4
Armor: Robe              |    27 |    18 |     1 ||    46
Dodge: Dodged            |    59 |    52 |     6 ||   117

Table legend: (Time is in decaauts)
 A = Elapsed time spent in this place.
 B = Non-inter-level travel time spent in this place.
 C = Inter-level travel time spent in this place.
 D = Time resting spent in this place.
 E = Time spent auto-exploring this place.
 F = Levels seen in this place.
 G = Mean time per level.
                   A        B        C        D        E       F      G
               +--------+--------+--------+--------+--------+-----+--------+
         Total |   5194 |   5194 |      0 |    677 |      0 |   4 | 1298.5 |
       Dungeon |   5194 |   5194 |      0 |    677 |      0 |   4 | 1298.5 |
               +--------+--------+--------+--------+--------+-----+--------+

Top non-repeatable levels by time:
     D:2: 1532 daAuts
     D:1: 1282 daAuts
     D:3: 1265 daAuts
     D:4: 1115 daAuts
